 Dungeon Crawl Stone Soup version 0.23.1 (webtiles) character file.

Game seed: 3863267062125141194

37 Irenicus the Digger (level 3, -1/28 HPs)
             Began as a Deep Dwarf Earth Elementalist on Mar 19, 2019.
             Slain by an adder (3 damage)
             ... on level 2 of the Dungeon.
             The game lasted 00:03:00 (500 turns).

Irenicus the Digger (Deep Dwarf Earth Elementalist)  Turns: 500, Time: 00:03:01

Health: -1/28      AC:  2    Str: 11    XL:     3   Next: 23%
Magic:  4/4        EV:  9    Int: 16    God:
Gold:   71         SH:  0    Dex: 13    Spells: 4/5 levels left

rFire    . . .     SeeInvis .   g - +0 club
rCold    . . .     Gourm    .   (no shield)
rNeg     . . .     Faith    .   c - +0 robe
rPois    .         Spirit   .   (no helmet)
rElec    .         Reflect  .   (no cloak)
rCorr    .         Harm     .   (no gloves)
MR       .....                  (no boots)
Stlth    ++........             (no amulet)
HPRegen  0.00/turn              (no ring)
MPRegen  0.09/turn              (no ring)

@: lethally poisoned (-1 -> -1), non-regenerating, constricted
A: damage resistance, heal wounds, sense surroundings 1, no regeneration
a: Heal Wounds


You were on level 2 of the Dungeon.
You were not hungry.

You visited 1 branch of the dungeon, and saw 2 of its levels.

You collected 71 gold pieces.

Inventory:

Hand Weapons
 g - a +0 club (weapon)
   (You took it off a hobgoblin on level 1 of the Dungeon)
Missiles
 b - 16 stones (quivered)
Armour
 c - a +0 robe (worn)
Scrolls
 a - a scroll of identify {unknown}
 i - a scroll of teleportation {unknown}
Potions
 e - a potion of flight {unknown}
 h - a potion of might
Comestibles
 d - a ration


   Skills:
 - Level 2.1 Dodging
 - Level 2.4 Stealth
 - Level 1.7 Spellcasting
   Level 0.8 Transmutations
 + Level 5.8 Earth Magic


You had 4 spell levels left.
You knew the following spells:

 Your Spells              Type           Power        Failure   Level  Hunger
a - Sandblast             Erth           ###...       1%          1    ##.....

Your spell library contained the following spells:

 Spells                   Type           Power        Failure   Level  Hunger
 Passwall                 Tmut/Erth      ##......     9%          2    ###....
 Stone Arrow              Conj/Erth      ##....       19%         3    ####...
 Petrify                  Tmut/Erth      ##......     47%         4    #####..
 Lee's Rapid Deconstruct  Erth           ###.......   47%         5    ######.


Dungeon Overview and Level Annotations

Branches:
Dungeon (2/15)

Altars:


Innate Abilities, Weirdness & Mutations

You are resistant to damage.
You can heal yourself by infusing magical energy.
You passively map a small area around you.
You do not regenerate.


Message History

You take 3 damage, and have 22/28 hp.
You escape the ball python's grasp.
The goblin shouts!
The bat closely misses you.
Found a stone staircase leading down.
The bat barely misses you. The adder closely misses you. The bat misses you.
The bat hits you. The bat barely misses you. The adder completely misses you.
The bat closely misses you.
Found a stone staircase leading down.
The bat misses you. The bat misses you. The adder closely misses you.
The bat barely misses you. The bat closely misses you.
The hobgoblin misses you. The bat closely misses you.
The bat hits you but does no damage. The adder bites you.
You are more poisoned.
The adder poisons you!
You take 2 damage, and have 20/28 hp.
The bat hits you but does no damage. The bat hits you but does no damage.
The bat closely misses you. The adder bites you.
The ball python barely misses you. The ball python grabs you.
The ball python constricts you.
You take 1 damage, and have 19/28 hp.
You escape the ball python's grasp.
The bat hits you but does no damage. The bat barely misses you.
The ball python closely misses you. The ball python barely misses you.
The bat barely misses you. The bat hits you.
The bat hits you but does no damage. The bat closely misses you.
The bat barely misses you. The bat closely misses you.
The bat hits you but does no damage. The bat barely misses you.
Found an escape hatch in the floor.
An adder comes into view.
The bat closely misses you.
A leopard gecko comes into view.
The adder hisses angrily.
The bat barely misses you. The bat barely misses you.
The bat hits you but does no damage. The bat hits you but does no damage.
The adder bites you.
You are more poisoned.
The adder poisons you!
The leopard gecko hisses menacingly.
The bat barely misses you. The adder closely misses you.
The bat closely misses you. The bat hits you but does no damage.
The adder barely misses you.
You hit the adder. The bat barely misses you. The adder misses you. x2
The adder bites you. The leopard gecko bites you. The adder barely misses you.
You take 1 damage, and have 18/28 hp.
You hit the leopard gecko. The ball python bites you.
The ball python closely misses you. The adder barely misses you.
The leopard gecko misses you. The adder bites you. The ball python bites you.
The ball python grabs you. The ball python constricts you.
The adder bites you but does no damage.
You take 2 damage, and have 16/28 hp.
You barely miss the leopard gecko. The adder bites you.
The leopard gecko bites you. The ball python closely misses you.
The ball python constricts you. The adder misses you.
The leopard gecko bites you but does no damage.
The adder bites you but does no damage.
The ball python bites you but does no damage.
The ball python constricts you.
You hit the leopard gecko.
You kill the leopard gecko!
The bat hits you but does no damage. The adder barely misses you.
The adder bites you.
You are more poisoned.
The adder poisons you! The ball python bites you.
The ball python constricts you. The adder bites you. x2
You take 3 damage, and have 13/28 hp.
You barely miss the goblin. The goblin hits you.
The ball python bites you but does no damage.
The ball python constricts you. The adder closely misses you.
The adder bites you. The goblin barely misses you.
The ball python closely misses you. The ball python constricts you.
The adder bites you but does no damage.
You barely miss the goblin. The adder barely misses you. The adder bites you.
The ball python bites you but does no damage.
The ball python constricts you. The adder closely misses you.
The goblin hits you.
You take 3 damage, and have 10/28 hp.
You closely miss the goblin. The adder bites you.
* * * LOW HITPOINT WARNING * * *
The ball python bites you but does no damage.
The ball python constricts you. The adder closely misses you.
The goblin hits you but does no damage. The adder closely misses you.
The ball python misses you. The ball python constricts you.
The adder bites you.
* * * LOW HITPOINT WARNING * * *
You are more poisoned.
The adder poisons you!
You hit the goblin but do no damage. The adder bites you.
* * * LOW HITPOINT WARNING * * *
The goblin barely misses you. The adder bites you.
You die...

#######
######S....#
######...gS@....#
###.........gS#####
* #...##......bg#
####.####........#
.##g.# #.....)$..#
.#..## #........?#
...####..........#
..##....#........#
......!.#...>....#


You could see 2 adders, a hobgoblin, 2 goblins, a bat and a ball python.

Vanquished Creatures
  A worker ant (D:2)
  A leopard gecko (D:2)
  A ball python (D:2)
  3 goblins
  3 hobgoblins (D:1)
  A bat (D:1)
  A frilled lizard (D:1)
  A rat (D:1)
12 creatures vanquished.

Notes
Turn   | Place    | Note
-------+----------+-------------------------------------------
     0 | D:1      | Irenicus the Deep Dwarf Earth Elementalist began the quest
                  | for the Orb.
     0 | D:1      | Reached XP level 1. HP: 15/15 MP: 3/3
   349 | D:1      | Reached XP level 2. HP: 16/22 MP: 2/4
   364 | D:2      | HP: 2/22 [worker ant (4)]
   371 | D:2      | Reached skill level 5 in Earth Magic
   371 | D:2      | Reached XP level 3. HP: 20/28 MP: 1/4
   499 | D:2      | HP: 7/28 [adder (3)]
   500 | D:2      | HP: 2/28 [adder (2)]
   500 | D:2      | Slain by an adder

Skill      XL: |  1  2 |
---------------+-------+-----
Earth Magic    | 5 |  5.8
Dodging        | |  2.1
Stealth        | |  2.4
Spellcasting   | |  1.7
Transmutations | |  0.8

Action                   || total
-------------------------++-------
Melee: Club              ||    28
       Unarmed           ||     2
 Cast: Sandblast         ||    14
 Abil: Heal Wounds       ||     2
  Use: Potion            ||     2
 Stab: Sleeping          ||     1
Armor: Robe              ||    58
Dodge: Dodged            ||   131

Levels and vault maps discovered:
D:1:      lightli_arrival_statue_moat, layout_loops_ring, serial_bayou_lagoon_a
D:2:      layout_rooms, uniq_crazy_yiuf_cottage

Table legend:
 A = Turns spent in this place as a percentage of turns spent in the entire game.
 B = Non-inter-level travel turns spent in this place as a percentage of non-inter-level travel turns spent in the entire game.
 C = Inter-level travel turns spent in this place as a percentage of turns spent in this place.
 D = Turns resting spent in this place as a percentage of non-inter-level travel turns spent in this place.
 E = Turns spent auto-exploring this place as a percentage of non-inter-level travel turns spent in this place.
 F = Non-inter-level travel turns spent in this place divided by the number of levels of this place that you've seen.
                   A       B       C       D       E      F
               +-------+-------+-------+-------+-------+----------------------
         Total | 100.0 | 100.0 |   0.0 |   0.0 |   0.0 | 250.0
       Dungeon | 100.0 | 100.0 |   0.0 |   0.0 |   0.0 | 250.0
               +-------+-------+-------+-------+-------+----------------------

Table legend:
 A = Kills in this place as a percentage of kills in entire the game.
 B = Kills by you in this place as a percentage of kills by you in the entire game.
 C = Kills by friends in this place as a percentage of kills by friends in the entire game.
 D = Other kills in this place as a percentage of other kills in the entire game.
 E = Experience gained in this place as a percentage of experience gained in the entire game.
 F = Experience gained in this place divided by the number of levels of this place that you have seen.
                   A       B       C       D       E      F
               +-------+-------+-------+-------+-------+----------------------
         Total | 100.0 | 100.0 |   N/A |   N/A | 100.0 |  27.0
       Dungeon | 100.0 | 100.0 |   N/A |   N/A | 100.0 |  27.0
               +-------+-------+-------+-------+-------+----------------------
